 Dungeon Crawl Stone Soup version 0.23.2-30-g0e89c35649 (webtiles) character file.

Game seed: 15680380475542100867

71 DildoBatman the Conjurer (level 4, 0/30 HPs)
             Began as a Formicid Wizard on June 9, 2019.
             Slain by a worm (8 damage)
             ... on level 3 of the Dungeon.
             The game lasted 00:05:52 (1706 turns).

DildoBatman the Conjurer (Formicid Wizard)          Turns: 1706, Time: 00:05:53

Health: 0/30       AC:  2    Str: 12    XL:     4   Next: 47%
Magic:  5/8        EV: 12    Int: 20    God:
Gold:   131        SH:  0    Dex:  9    Spells: 2/9 levels left

rFire    . . .     SeeInvis +   t - +0 dagger (freeze)
rCold    . . .     Gourm    .   (no shield)
rNeg     . . .     Faith    .   a - +0 robe
rPois    .         Spirit   .   (helmet unavailable)
rElec    .         Reflect  .   (no cloak)
rCorr    .         Harm     .   (no gloves)
MR       .....                  (no boots)
Stlth    +++.......             (no amulet)
HPRegen  0.10/turn              f - +2 ring of intelligence
MPRegen  0.11/turn              o - ring of stealth

@: no status effects
A: permanent stasis, dig shafts and tunnels, four strong arms, antennae 3
a: Dig, Shaft Self


You were on level 3 of the Dungeon.
You were not hungry.

You visited 1 branch of the dungeon, and saw 3 of its levels.

You collected 131 gold pieces.

Inventory:

Hand Weapons
 t - a +0 dagger of freezing (weapon)
Missiles
 d - 8 arrows
 g - 7 tomahawks
 h - 91 stones (quivered)
 k - 17 sling bullets
 q - 16 bolts
Armour
 a - a +0 robe (worn)
Jewellery
 f - a +2 ring of intelligence (left hand)
 o - a ring of stealth (right hand)
Scrolls
 e - 2 scrolls of identify {unknown}
 j - 4 scrolls of remove curse {unknown}
 n - a scroll of teleportation {unknown}
 r - a scroll of enchant weapon {unknown}
Potions
 b - a potion of mutation {unknown}
 i - 2 potions of degeneration {unknown}
 l - a potion of lignification {unknown}
 m - 2 potions of ambrosia {unknown}
 p - a potion of invisibility {unknown}
 s - a potion of flight {unknown}
 u - a potion of agility {unknown}
Comestibles
 c - 4 chunks of flesh
 v - 8 rations


   Skills:
 - Level 1.7 Dodging
 - Level 2.4 Stealth
 - Level 3.2 Spellcasting
 * Level 3.6 Conjurations
   Level 1.0 Summonings
   Level 0.8 Translocations


You had 2 spell levels left.
You knew the following spells:

 Your Spells              Type           Power        Failure   Level  Hunger
a - Conjure Flame         Conj/Fire      ##......     21%         3    ###....
c - Magic Dart            Conj           ###.         3%          1    None
e - Mephitic Cloud        Conj/Pois/Air  #.......     26%         3    ###....

Your spell library contained the following spells:

 Spells                   Type           Power        Failure   Level  Hunger
 Call Imp                 Summ           #.......     14%         2    ##.....
 Slow                     Hex            #.......     22%         2    ##.....
 Blink                    Tloc           Unusable     N/A         2    N/A

Dungeon Overview and Level Annotations

Branches:
Dungeon (3/15)

Altars:

Annotations:
D:2 Terence


Innate Abilities, Weirdness & Mutations

You cannot be hasted, slowed, berserked, paralysed or teleported.
You can dig through walls and to a lower floor.
Your four strong arms can wield two-handed weapons with a shield.
You have a pair of large antennae on your head. (SInv)


Message History

You extend your mandibles.
You dig through the rock wall.
You retract your mandibles.
You barely miss the worm. You hit the worm. You freeze the worm.
The worm is moderately wounded.
You hit the worm. You freeze the worm.
The worm is moderately wounded.
The worm bites you.
You hit the worm. You freeze the worm.
The worm is heavily wounded.
You hit the worm. You freeze the worm.
The worm is almost dead.
The worm seems less confused.
The worm bites you!
You die...

#..############........#<
#.............>..........
#.#########.....w.####...
#.#...<...#.##.##.#######
#.#.#.....#.##.##...w.†).
#.#.......#.##.##########
#.#######.#'##...........
#......w÷....#...........
########@....'..#...#####
##....####..{#### #....#
#......# #....# #......#
#....# #......# ######
#......# ########


You could see a worm.

Vanquished Creatures
  2 adders
  2 worms
  A leopard gecko (D:2)
  4 giant cockroaches
  6 goblins
  5 hobgoblins
  4 jackals (D:3)
  A quokka (D:2)
  6 bats
  3 frilled lizards
  4 kobolds (D:2)
  7 rats
45 creatures vanquished.

Notes
Turn   | Place    | Note
-------+----------+-------------------------------------------
     0 | D:1      | DildoBatman the Formicid Wizard began the quest for the
                  | Orb.
     0 | D:1      | Reached XP level 1. HP: 13/13 MP: 4/4
    39 | D:1      | Reached skill level 1 in Conjurations
   182 | D:1      | Reached XP level 2. HP: 18/19 MP: 0/6
   665 | D:2      | Reached XP level 3. HP: 24/24 MP: 2/7
   670 | D:2      | Learned a level 3 spell: Conjure Flame
   674 | D:2      | Learned a level 3 spell: Mephitic Cloud
   820 | D:2      | Noticed Terence
  1208 | D:2      | Reached XP level 4. HP: 30/30 MP: 5/8
  1706 | D:3      | Slain by a worm

Skill      XL: |  1  2  3 |
---------------+----------+-----
Conjurations   | 1 2 3 |  3.6
Dodging        | |  1.7
Stealth        | |  2.4
Spellcasting   | |  3.2
Summonings     | |  1.0
Translocations | |  0.8

Action                   |  1- 3 |  4- 6 || total
-------------------------+-------+-------++-------
Melee: Club              |    26 |       ||    26
       Dagger            |     4 |    18 ||    22
 Cast: Magic Dart        |    70 |    17 ||    87
       Mephitic Cloud    |     1 |     4 ||     5
 Abil: Dig               |     1 |     3 ||     4
 Stab: Confused          |     1 |       ||     1
  Eat: Chunk             |     1 |     2 ||     3
Armor: Robe              |    11 |     2 ||    13
Dodge: Dodged            |    29 |    10 ||    39
